 Dungeon Crawl Stone Soup version 0.30-a0-341-g682706514a (webtiles) character file.

Game seed: 12046048627227000092

1296 Conn the Sneak (level 8, 0/47 HPs)
             Began as an Octopode Fire Elementalist on Nov 5, 2022.
             Slain by Harunobu's ghost (4 damage)
             ... on level 5 of the Dungeon.
             The game lasted 00:12:40 (5130 turns).

Conn the Sneak (Octopode Fire Elementalist)         Turns: 5130, Time: 00:12:41

Health: 0/47       AC:  1    Str:  8    XL:     8   Next: 56%
Magic:  2/14       EV: 14    Int: 19    God:
Gold:   185        SH:  0    Dex: 21    Spells: 3/16 levels left

rFire   . . .      SeeInvis .    m - +3 dagger of Xururu {drain, Dex+9}
rCold   . . .      Faith    .    (no shield)
rNeg    . . .      Spirit   .    e - +0 hat
rPois   .          Reflect  .    (no amulet)
rElec   .          Harm     .    (no ring)
rCorr   .          Rampage  .    (no ring)
Will    .....                    (no ring)
Stlth   ++++......               (no ring)
HPRegen 0.27/turn                (no ring)
MPRegen 0.14/turn                (no ring)
                                 (no ring)
                                 (no ring)

@: about to teleport
A: almost no armour, amphibious, 8 rings, camouflage 1, gelatinous body 1,
(nimble swimmer 1), tentacles
a: no special abilities


You were on level 5 of the Dungeon.
You visited 2 branches of the dungeon, and saw 6 of its levels.

You collected 199 gold pieces.
You spent 14 gold pieces at shops.

Inventory:

Hand Weapons
 m - the +3 dagger of Xururu (weapon) {drain, Dex+9}
   (You found it on level 3 of the Dungeon)

   A truly terrible weapon, it drains the life of any living foe it strikes.
   Dex:       It affects your dexterity (+9).
Missiles
 c - 6 poisoned darts
 q - 2 curare-tipped darts
Armour
 e - a +0 hat (worn)
Wands
 g - a wand of charming (12)
Scrolls
 f - a scroll of teleportation
 h - a scroll of fear
 j - a scroll of enchant armour {unknown}
 n - 2 scrolls of torment {unknown}
 u - a scroll of acquirement {unknown}
 v - a scroll of fog {unknown}
 w - a scroll of enchant weapon {unknown}
 x - 2 scrolls of magic mapping {unknown}
 y - 2 scrolls of blinking {unknown}
Potions
 a - a potion of magic
 d - a potion of mutation {unknown}
 i - a potion of invisibility {unknown}
 k - 2 potions of cancellation {unknown}
 l - 3 potions of brilliance
 o - 2 potions of curing {unknown}
 r - a potion of attraction {unknown}
 s - a potion of might {unknown}
 t - 2 potions of ambrosia {unknown}


   Skills:
 + Level 0.6 Fighting
 + Level 1.5 Short Blades
 + Level 2.6 Dodging
 + Level 5.1 Stealth
 + Level 4.6 Spellcasting
 * Level 4.2 Conjurations
 + Level 3.9 Translocations
 + Level 4.8 Fire Magic
 + Level 3.2 Air Magic


You had 3 spell levels left.
You knew the following spells:

 Your Spells              Type           Power      Damage    Failure   Level
a - Foxfire               Conj/Fire      84%        2x1d8     1%          1
b - Kindle Blastsparks    Fire/Tloc/Air  38%        2d13      8%          3
c - Inner Flame           Hex/Fire       13%        N/A       14%         3
d - Flame Wave            Conj/Fire      21%        2d8       21%         4
e - Scorch                Fire           44%        2d7       2%          2

Your spell library contained the following spells:

 Spells                   Type           Power      Damage    Failure   Level
 Magic Dart               Conj           80%        1d7       2%          1
 Mephitic Cloud           Conj/Pois/Air  13%        N/A       14%         3
 Call Imp                 Summ           4%         N/A       21%         2


Dungeon Overview and Level Annotations

Branches:
Dungeon (5/15)             Temple (1/1) D:4

Altars:
Ashenzari
Dithmenos
Elyvilon
Gozag
Hepliaklqana
Kikubaaqudgha
Okawaru
Ru
Uskayaw
Vehumet
Xom
Yredelemnul
Zin
The Shining One

Shops:
D:3 (

Portals:
Abyss: D:5

Annotations:
D:5 1 transporter, Harunobu's ghost, novice GrMo


Innate Abilities, Weirdness & Mutations

You cannot wear most types of armour.
You are amphibious.
You can wear up to eight rings at the same time.
Your skin changes colour to match your surroundings (Stealth+).
Your rubbery body absorbs attacks. (AC +1, EV +1)
((You are camouflaged when in or above water. (Stealth+)))
You have tentacles for arms and can constrict up to eight enemies at once.


Message History

Casting: Flame Wave (quite dangerous; 22% risk of failure)
Press: ? - help, Dir - look around, f - activate A wave of flame ripples out!
The flame wave engulfs the small abomination!
The small abomination is burned terribly!
You destroy the small abomination! (Press . to intensify the flame waves.)
A wave of flame ripples out!
The flame wave engulfs the iron imp.
The iron imp completely resists.
The flame wave engulfs the small abomination!
The small abomination is moderately damaged.
You hear a shout!
The small abomination hits you but does no damage.
The small abomination barely misses you.
The iron imp barely misses you.
A wave of flame ripples out!
The flame wave engulfs the iron imp.
The iron imp completely resists.
The flame wave engulfs the small abomination!
The small abomination is almost destroyed.
The flame wave engulfs Harunobu's ghost.
Harunobu's ghost is lightly damaged.
You finish channelling waves of flame.
The small abomination misses you.
As you read the scroll of teleportation, it crumbles to dust.
You feel strangely unstable. The small abomination hits you!!
The iron imp closely misses you. The small abomination hits you!
You hit the small abomination.
The small abomination is almost destroyed.
Harunobu's ghost hits you!
* * * LOW HITPOINT WARNING * * *
Space warps around you.
* * * LOW HITPOINT WARNING * * *
The iron imp completely misses you.
The small abomination barely misses you.
Okay, then.
You hit the small abomination.
You destroy the small abomination!
Harunobu's ghost hits you.
* * * LOW HITPOINT WARNING * * *
Space warps around you.
You die...

##.###..# #.###### ## #.# ##.###
######.########.
###.####...######.......#.......
##.........................####..
.#.#.##....................####..
#...........###..###.......##....
.#.#.#.....##.####.##.###.....#..
...........#...###..###.#..##.#..
.#........©#©##5@#.#...x#........
#.#.......##...#.W..##.##.....###
.###.#...##.:.###..###∩#....#.#
## #.#...##..##.##.##.##....#.#
#.##...##?##..#.#.##....##.#
##'##....###..##..©#........##
##...#.........#.##.#.........#
##.............##..^.###...###.#
#..........######....# #...#.#.#


You could see an iron imp and Harunobu's ghost.

Vanquished Creatures
  Sigmund (D:4)
  Eustachio (D:5)
  An ice beast (D:5)
  A black bear (D:4)
  A phantom (D:5)
  2 small abominations (D:5)
  2 necrophages (D:4)
  3 hounds
  Jessica (D:2)
  5 iguanas
  Natasha (thrice) (D:2)
  An orc wizard (D:4)
  9 adders
  An ufetubus (D:5)
  2 worms (D:2)
  4 dart slugs
  8 orcs
  5 endoplasms
  8 giant cockroaches
  4 goblins
  9 hobgoblins
  9 jackals
  7 kobolds
  4 quokkas
  13 ball pythons
  11 bats
  4 frilled lizards
120 creatures vanquished.

Vanquished Creatures (others)
  297 foxfires
297 creatures vanquished.

Grand Total: 417 creatures vanquished

Notes
Turn   | Place    | Note
-------+----------+-------------------------------------------
     0 | D:1      | Conn the Octopode Fire Elementalist began the quest for the
                  | Orb.
     0 | D:1      | Reached XP level 1. HP: 11/11 MP: 3/3
   118 | D:1      | Reached XP level 2. HP: 17/17 MP: 0/5
   493 | D:1      | Reached XP level 3. HP: 16/21 MP: 6/6
   712 | D:1      | Reached skill level 3 in Stealth
   746 | D:2      | Learned a level 2 spell: Scorch
   750 | D:2      | Learned a level 3 spell: Kindle Blastsparks
   753 | D:2      | Noticed Sigmund
   795 | D:2      | Found a basalt altar of Yredelemnul.
   895 | D:2      | Noticed Jessica
   902 | D:2      | Killed Jessica
   903 | D:2      | Reached XP level 4. HP: 27/27 MP: 0/8
  1334 | D:2      | Noticed Natasha
  1340 | D:2      | Killed Natasha
  1341 | D:2      | Reached skill level 1 in Translocations
  1367 | D:2      | Reached XP level 5. HP: 31/31 MP: 9/9
  1473 | D:2      | Noticed Natasha
  1487 | D:2      | Killed Natasha
  1488 | D:2      | Reached skill level 1 in Short Blades
  1503 | D:2      | Noticed Natasha
  1509 | D:2      | Killed Natasha
  1710 | D:3      | Identified the +3 dagger of Xururu {drain, Dex+9}
  1953 | D:3      | Found a glowing silver altar of Zin.
  2041 | D:3      | Found an ancient bone altar of Kikubaaqudgha.
  2227 | D:3      | Found Guuxiora's Weapon Boutique.
  2233 | D:3      | Bought 2 curare-tipped darts for 14 gold pieces
  2629 | D:4      | Reached skill level 1 in Air Magic
  2629 | D:4      | Reached XP level 6. HP: 36/36 MP: 3/10
  2701 | D:4      | Reached skill level 4 in Stealth
  2835 | D:4      | Noticed a black bear
  2837 | D:4      | Found a staircase to the Ecumenical Temple.
  2853 | D:4      | Killed a black bear
  2854 | D:4      | Reached XP level 7. HP: 37/41 MP: 0/11
  3003 | D:4      | Killed Sigmund
  3189 | Temple   | Entered the Ecumenical Temple
  3371 | D:4      | Found an iron altar of Okawaru.
  3594 | D:4      | Learned a level 3 spell: Inner Flame
  3599 | D:4      | Learned a level 4 spell: Flame Wave
  3637 | D:5      | Entered Level 5 of the Dungeon
  4252 | D:5      | Found a transporter.
  4261 | D:5      | Noticed Eustachio
  4402 | D:5      | Reached XP level 8. HP: 47/47 MP: 7/13
  4461 | D:5      | Killed Eustachio
  4462 | D:5      | Reached skill level 5 in Stealth
  4479 | D:5      | Noticed Harunobu's ghost (novice GrMo)
  4568 | D:5      | Found a transporter.
  4998 | D:5      | Found a shimmering altar of Xom.
  5112 | D:5      | Found a one-way gate to the infinite horrors of the Abyss.
  5130 | D:5      | Slain by Harunobu's ghost

Illustrated notes

Levels and vault maps discovered:
D:1:      dpeg_arrival_round_a, layout_basic
D:2:      layout_basic, basic_altar, st_stairs_4, uniq_jessica, uniq_sigmund,
          uniq_natasha
D:3:      layout_loops_cross, zin_statuary, mainiacjoe_overflow_alcove_1,
          serial_shops, nicolae_shop_behind_doors
D:4:      nicolae_cairo_tiling_very_big, layout_rooms, kennysheep_mini_moat,
          minmay_temple_entry_purple_smoke, minmay_stone_trees_large
D:5:      layout_loops_corners, tgw_xom, gammafunk_ghost_abyssal_escape,
          uniq_eustachio
Temple:   nicolae_temple_bog_church

Skill      XL: |  1  2  3  4  5  6  7  8 |
---------------+-------------------------+-----
Stealth        | 3 4 5 |  5.1
Translocations | 1 2 3 |  3.9
Short Blades   | 1 |  1.5
Conjurations   | 2 3 4 |  4.2
Spellcasting   | 3 4 |  4.6
Air Magic      | 1 3 |  3.2
Fire Magic     | 4 |  4.8
Fighting       | |  0.6
Dodging        | |  2.6

Action                   |  1- 3 |  4- 6 |  7- 9 || total
-------------------------+-------+-------+-------++-------
Melee: Unarmed           |     7 |       |       ||     7
       Constrict         |    10 |    15 |     6 ||    31
       Dagger            |    22 |    50 |    26 ||    98
       Tentacles         |     8 |    11 |     2 ||    21
       Punch             |       |     1 |       ||     1
 Cast: Foxfire           |    28 |    75 |    62 ||   165
       Kindle Blastspark |       |     1 |     1 ||     2
       Scorch            |       |       |    10 ||    10
       Flame Wave        |       |       |     1 ||     1
  Use: Scroll            |       |       |     6 ||     6
 Stab: Sleeping          |     4 |    10 |     7 ||    21
       Distracted        |     1 |       |       ||     1
Armor: Skin              |     1 |     2 |     1 ||     4
Dodge: Dodged            |    23 |    31 |    14 ||    68

Table legend: (Time is in decaauts)
 A = Elapsed time spent in this place.
 B = Non-inter-level travel time spent in this place.
 C = Inter-level travel time spent in this place.
 D = Time resting spent in this place.
 E = Time spent auto-exploring this place.
 F = Levels seen in this place.
 G = Mean time per level.
                   A        B        C        D        E       F      G
               +--------+--------+--------+--------+--------+-----+--------+
         Total |   5124 |   5042 |     82 |     26 |   3879 |   6 |  854.0 |
       Dungeon |   4972 |   4890 |     82 |     26 |   3749 |   5 |  994.4 |
        Temple |    151 |    151 |      0 |      0 |    130 |   1 |  151.0 |
               +--------+--------+--------+--------+--------+-----+--------+

Top non-repeatable levels by time:
     D:5: 1491 daAuts
     D:2: 964 daAuts
     D:4: 950 daAuts
     D:3: 824 daAuts
     D:1: 741 daAuts
  Temple: 151 daAuts
